 Dungeon Crawl Stone Soup version 0.28.0-53-g5a82cb258f (webtiles) character file.

Game seed: 16784987331922221652

7420 Peloso the Carver (level 10, -5/90 HPs)
             Began as a Minotaur Fighter on Aug 19, 2022.
             Was a High Priest of Okawaru.
             Slain by a death yak (19 damage)
             ... on level 7 of the Dungeon.
             The game lasted 00:15:56 (8196 turns).

Peloso the Carver (Minotaur Fighter)                Turns: 8196, Time: 00:15:57

Health: -5/90      AC: 19    Str: 29    XL:     10   Next: 93%
Magic:  9/10       EV: 22    Int:  5    God:    Okawaru [*****.]
Gold:   298        SH:  0    Dex: 25    Spells: 9/9 levels left

rFire   + . .      SeeInvis .   a - +0 long sword
rCold   . . .      Faith    .   (no shield)
rNeg    . . .      Spirit   .   o - +4 ring mail "Sunkuhas" {rF+ Dex+5}
rPois   .          Reflect  .   (helmet restricted)
rElec   .          Harm     .   I - +2 cloak
rCorr   .          Rampage  .   t - +0 pair of gloves "Tecwycs" {-Cast Dex+8}
Will    .....      NoCast   +   F - +0 pair of boots
Stlth   ++++......              (no amulet)
HPRegen 0.25/turn               A - +6 ring of strength
MPRegen 0.12/turn               (no ring)

@: heroic
A: horns 2, retaliatory headbutt
a: Renounce Religion, Heroism, Finesse, Duel


You were on level 7 of the Dungeon.
You worshipped Okawaru.
Okawaru was extremely pleased with you.
You visited 2 branches of the dungeon, and saw 9 of its levels.
You also visited: Sewer.

You collected 380 gold pieces.
You spent 82 gold pieces at shops.

Inventory:

Hand Weapons
 a - a +0 long sword (weapon)
 b - a +2 hand axe of flaming
Missiles
 h - 2 throwing nets (quivered)
Armour
 c - a +0 buckler
 e - a +0 cloak
 g - a +0 buckler of resistance
 n - a +0 scale mail
 o - the +4 ring mail "Sunkuhas" (worn) {rF+ Dex+5}
   (You found it on level 3 of the Dungeon)

   Dex:       It affects your dexterity (+5).
   rF:        It protects you from fire.
 t - the +0 pair of gloves "Tecwycs" (worn) {-Cast Dex+8}
   (You found it on level 3 of the Dungeon)

   Dex:       It affects your dexterity (+8).
   -Cast:     It prevents spellcasting.
 F - a +0 pair of boots (worn)
 I - a +2 cloak (worn)
Jewellery
 x - an amulet of faith
 A - a +6 ring of strength (left hand)
Wands
 w - a wand of polymorph (6)
 H - a wand of paralysis (11)
Scrolls
 f - 5 scrolls of identify
 k - 2 scrolls of amnesia
 m - a scroll of summoning {unknown}
 q - a scroll of brand weapon {unknown}
 r - a scroll of holy word {unknown}
 u - a scroll of silence {unknown}
 v - a scroll of vulnerability {unknown}
 y - 5 scrolls of magic mapping
 z - a scroll of fog {unknown}
 C - a scroll of immolation {unknown}
 G - a scroll of teleportation {unknown}
Potions
 d - a potion of might
 i - 2 potions of heal wounds {unknown}
 j - 3 potions of flight
 l - a potion of haste
 p - 3 potions of lignification {unknown}
 s - 3 potions of mutation {unknown}
 B - a potion of curing
 D - a potion of cancellation {unknown}
 E - a potion of resistance {unknown}


   Skills:
 + Level 8.8(13.8) Fighting
 + Level 12.5(17.5) Long Blades
 + Level 2.6(7.6) Axes
 + Level 9.2(14.2) Armour
 + Level 7.3(12.3) Dodging
 + Level 4.0(9.0) Stealth
 + Level 4.3(9.3) Shields
 + Level 1.9 Invocations


You had 9 spell levels left.
You didn't know any spells.
Your spell library contained the following spells:

 Spells                   Type           Power      Damage    Failure   Level
 Stone Arrow              Conj/Erth      0%         3d7       90%         3
 Leda's Liquefaction      Hex/Erth       0%         N/A       100%        4
 Lee's Rapid Deconstruct  Erth           0%         3d5*      100%        5
 Statue Form              Tmut/Erth      0%         N/A       100%        6
 Storm Form               Tmut/Air       0%         N/A       100%        7
 Lehudib's Crystal Spear  Conj/Erth      0%         10d2      100%        8
 Maxwell's Capacitive Co  Air            0%         ∞         100%        8
 Animate Armour           Summ/Erth      Unusable   N/A       N/A         4
 Summon Lightning Spire   Summ/Air       Unusable   N/A       N/A         4

Dungeon Overview and Level Annotations

Branches:
Dungeon (8/15)             Temple (1/1) D:5           Sewer (visited)
   Lair: D:8-11

Altars:
Cheibriados
Elyvilon
Fedhas
Hepliaklqana
Kikubaaqudgha
Okawaru
Uskayaw
Vehumet
Zin

Shops:
D:7 *?[(?


Innate Abilities, Weirdness & Mutations

You have a pair of horns on your head.
You reflexively headbutt those who attack you in melee.


Message History

The death yak is lightly wounded.
The death yak barely misses you.
You hit the death yak.
The death yak is lightly wounded.
You hit the death yak but do no damage.
The death yak is lightly wounded.
The death yak gores you!
* * * LOW HITPOINT WARNING * * *
You barely miss the death yak.
The death yak is lightly wounded.
The death yak gores you.
* * * LOW HITPOINT WARNING * * *
You hit the death yak but do no damage. You headbutt the death yak.
The death yak is lightly wounded.
You barely miss the death yak. You headbutt the death yak.
The death yak is lightly wounded.
The death yak completely misses you.
You feel better. The death yak gores you!
* * * LOW HITPOINT WARNING * * *
You feel better. The death yak misses you.
You hit the death yak but do no damage.
The death yak is lightly wounded.
The death yak closely misses you.
You hit the death yak.
The death yak is lightly wounded.
The death yak gores you!
* * * LOW HITPOINT WARNING * * *
You hit the death yak but do no damage.
The death yak is lightly wounded.
You barely miss the death yak. You headbutt the death yak.
The death yak is lightly wounded.
The death yak misses you.
You hit the death yak but do no damage.
The death yak is lightly wounded.
The death yak misses you.
You slash the death yak!
The death yak is moderately wounded.
Okay, then.
You feel better. The death yak gores you!!
You die...

##..##......#### #.........#
###..##..........##
#.........#
#.....#.#...####..#
##.......## ##.###.....#.##
##.######.....## ..(#
#....##..# #....####.####
######..#####.# ####........#
#####...#####.# ##.......#
......#.....#.########.......#
#..##.#####.#..Y@............#
......# ###....#######.......#
###..####....#.## #####.###
###..##...##....# #.#
........######..### #.#
##....### ###...## #.#
...##.#######...#..## #.#
...##....<#.........# ##.##
.............#..#.### #<..#


You could see a death yak.

Vanquished Creatures
  Harold (D:7)
  4 death yaks (D:8)
  Pikel (Temple)
  A cyclops (D:6)
  Maurice (D:8)
  An unseen horror (D:7)
  Sigmund (D:5)
  Eustachio (D:6)
  A steam dragon (D:7)
  Edmund (D:5)
  An orc warrior (D:7)
  A black bear (D:6)
  An ice beast (D:6)
  A necrophage (D:7)
  5 ogres
  3 centaurs
  3 phantoms
  2 kobold brigands
  2 bullfrogs
  2 scorpions
  A water moccasin skeleton (D:7)
  2 centaur zombies
  2 bullfrog zombies (D:5)
  3 orc priests
  A centaur skeleton (D:6)
  A bullfrog skeleton (D:6)
  A gnoll shaman (D:2)
  5 hounds
  3 iguanas
  3 orc wizards
  Natasha (thrice) (D:4)
  A hound skeleton (D:5)
  3 gnolls
  9 adders
  3 river rats
  An ufetubus (D:5)
  2 dart slugs (D:2)
  12 orcs
  6 bats
  8 endoplasms
  5 giant cockroaches
  4 hobgoblins
  A jackal (Sewer)
  5 quokkas
  6 ball pythons
  2 frilled lizards
  6 goblins
  19 kobolds
  12 rats
164 creatures vanquished.

Notes
Turn   | Place    | Note
-------+----------+-------------------------------------------
     0 | D:1      | Peloso the Minotaur Fighter began the quest for the Orb.
     0 | D:1      | Reached XP level 1. HP: 19/19 MP: 0/0
   226 | D:1      | Found a faded altar of an unknown god.
   422 | D:1      | Reached XP level 2. HP: 27/27 MP: 1/1
  1107 | D:2      | Reached XP level 3. HP: 29/33 MP: 2/2
  1153 | D:2      | Reached skill level 3 in Long Blades
  1473 | D:2      | Reached XP level 4. HP: 34/40 MP: 3/3
  2002 | D:3      | Identified the +4 ring mail "Sunkuhas" {rF+ Dex+5}
  2387 | D:2      | Reached skill level 5 in Armour
  2402 | D:2      | Reached skill level 1 in Dodging
  2409 | D:2      | Reached XP level 5. HP: 21/46 MP: 4/4
  2770 | D:3      | Found an iron altar of Okawaru.
  2781 | D:3      | Became a worshipper of Warmaster Okawaru
  3032 | D:3      | Identified the +0 pair of gloves "Tecwycs" {-Cast Dex+8}
  3252 | D:4      | Noticed an ogre
  3260 | D:4      | Killed an ogre
  3261 | D:4      | Reached skill level 4 in Long Blades
  3261 | D:4      | Reached skill level 1 in Axes
  3261 | D:4      | Reached XP level 6. HP: 53/53 MP: 5/5
  3412 | D:4      | Found a white marble altar of Elyvilon.
  3476 | D:4      | Noticed Natasha
  3483 | D:4      | Killed Natasha
  3483 | D:4      | Reached * piety under Okawaru
  3811 | D:4      | Reached skill level 5 in Fighting
  3811 | D:4      | Reached XP level 7. HP: 61/61 MP: 6/6
  3969 | D:4      | Found a snail-covered altar of Cheibriados.
  4056 | D:4      | Identified the +3 trident "Zylialui" {vorpal, rC- rN+
                  | Will++}
  4334 | D:4      | Noticed Natasha
  4339 | D:4      | Killed Natasha
  4408 | D:4      | Noticed Natasha
  4415 | D:4      | Killed Natasha
  4542 | D:5      | Entered Level 5 of the Dungeon
  4549 | D:5      | Reached skill level 5 in Long Blades
  4682 | D:5      | Noticed Sigmund
  4702 | D:5      | Killed Sigmund
  4703 | D:5      | Reached skill level 1 in Stealth
  4703 | D:5      | Reached XP level 8. HP: 50/69 MP: 7/7
  4812 | D:5      | Found a staircase to the Ecumenical Temple.
  4819 | D:5      | Reached skill level 6 in Long Blades
  5188 | D:5      | Noticed Edmund
  5188 | D:5      | Noticed Pikel
  5240 | Temple   | Entered the Ecumenical Temple
  5250 | Temple   | Killed Pikel
  5250 | Temple   | Reached ** piety under Okawaru
  5251 | Temple   | Reached skill level 8 in Long Blades
  5592 | D:5      | Killed Edmund
  5951 | D:6      | Reached XP level 9. HP: 76/78 MP: 8/8
  5958 | D:6      | Noticed Eustachio
  5971 | D:6      | Killed Eustachio
  6031 | D:6      | Reached *** piety under Okawaru
  6032 | D:6      | Reached skill level 5 in Dodging
  6041 | D:6      | Reached skill level 9 in Long Blades
  6101 | D:6      | Noticed a cyclops
  6116 | D:6      | Killed a cyclops
  6216 | D:6      | Reached skill level 10 in Long Blades
  6429 | D:6      | Found a glowing drain.
  6440 | Sewer    | Entered a sewer
  6838 | Sewer    | Found a glowing silver altar of Zin.
  7033 | D:7      | Found a hide-covered altar of Uskayaw.
  7045 | D:7      | Reached skill level 1 in Invocations
  7047 | D:7      | Found Jeahaofir's Magic Scroll Shoppe.
  7049 | D:7      | Found Ucuapram's Armour Shoppe.
  7049 | D:7      | Found Amnodgh's Magic Scroll Shoppe.
  7049 | D:7      | Found Liyfio's Antique Weapon Shoppe.
  7083 | D:7      | Noticed Harold
  7100 | D:7      | Killed Harold
  7101 | D:7      | Reached skill level 11 in Long Blades
  7101 | D:7      | Reached XP level 10. HP: 50/86 MP: 6/9
  7251 | D:7      | Bought a scroll of magic mapping for 56 gold pieces
  7257 | D:7      | Bought a scroll of identify for 26 gold pieces
  7582 | D:7      | Reached **** piety under Okawaru
  7923 | D:7      | Found Nonnipu's Serpentskin Sales.
  8004 | D:8      | Noticed Maurice
  8017 | D:8      | Killed Maurice
  8053 | D:8      | Found a radiant altar of Vehumet.
  8055 | D:8      | Found a glowing silver altar of Zin.
  8055 | D:8      | Found a blossoming altar of Fedhas.
  8085 | D:8      | Noticed a death yak
  8087 | D:8      | Noticed a death yak
  8092 | D:8      | Noticed a death yak
  8095 | D:8      | Noticed a death yak
  8097 | D:8      | Noticed a death yak
  8098 | D:8      | Noticed a death yak
  8100 | D:8      | Killed a death yak
  8100 | D:8      | Noticed a death yak
  8101 | D:8      | Noticed a death yak
  8102 | D:8      | Noticed a death yak
  8110 | D:8      | Killed a death yak
  8111 | D:8      | Reached skill level 12 in Long Blades
  8127 | D:8      | Killed a death yak
  8127 | D:8      | Reached ***** piety under Okawaru
  8135 | D:8      | Killed a death yak
  8196 | D:7      | Slain by a death yak

Illustrated notes

Levels and vault maps discovered:
D:1:      erik_arrival_triangle_small, layout_basic,
          hellmonk_ecumenical_altar_zigzags
D:2:      layout_basic
D:3:      layout_rooms, mainiacjoe_overflow_six_doors_small,
          minmay_pentomino_pile
D:4:      layout_loops_corners, lemuel_round_altar, kennysheep_little_box,
          nicolae_elevator_lobby_plus, uniq_natasha
D:5:      layout_basic, minmay_temple_entry_antechambers, uniq_sigmund,
          uniq_edmund, uniq_pikel
D:6:      layout_gridville, portal_sewer_entry_b, uniq_eustachio
D:7:      layout_rooms, mainiacjoe_overflow_tiny_flanked,
          minmay_shop_grid_forest, guppyfry_shop_venom, uniq_harold
D:8:      layout_basic, nicolae_overflow_hidden_temple,
          mainiacjoe_overflow_alcove_2, nicolae_overflow_crystal_walls,
          dpeg_lair_monsters, uniq_maurice, uniq_prince_ribbit1
Temple:   dpeg_chambers_temple

Skill      XL: |  1  2  3  4  5  6  7  8  9 10 |
---------------+-------------------------------+-----
Armour         | 4 5 6 7 8 9 |  9.2
Shields        | 4 |  4.3
Long Blades    | 3 4 5 8 11 12 | 12.5
Fighting       | 4 5 6 7 8 |  8.8
Dodging        | 1 2 3 4 6 7 |  7.3
Axes           | 1 2 |  2.6
Stealth        | 1 3 4 |  4.0
Invocations    | 1 |  1.9

Action                   |  1- 3 |  4- 6 |  7- 9 | 10-12 || total
-------------------------+-------+-------+-------+-------++-------
Melee: Long sword        |    75 |    35 |   214 |   105 ||   429
       Headbutt          |    13 |    17 |    55 |    37 ||   122
       Hand axe          |       |    47 |       |       ||    47
       Punch             |       |     1 |     5 |     8 ||    14
Invok: Heroism           |       |       |     5 |     5 ||    10
  Use: Scroll            |     2 |       |     2 |       ||     4
       Potion            |       |       |       |     3 ||     3
 Stab: Sleeping          |       |       |     5 |     2 ||     7
Armor: Scale mail        |    58 |     4 |       |       ||    62
       Ring mail         |       |    42 |    94 |    52 ||   188
       Chain mail        |       |     1 |       |       ||     1
Dodge: Dodged            |    53 |    66 |   197 |    69 ||   385
Block: Buckler           |    15 |       |       |       ||    15
